 Dungeon Crawl Stone Soup version 0.22-a0-866-geee50340df (webtiles) character file.

387 Htamos the Charmwright (level 6, -14/44 HPs)
             Began as a Merfolk Skald on July 28, 2018.
             Was an Initiate of Gozag.
             Demolished by an ogre
             ... wielding a +0 giant club
              (24 damage)
             ... on level 4 of the Dungeon.
             The game lasted 00:14:14 (5383 turns).

Htamos the Charmwright (Merfolk Skald)              Turns: 5383, Time: 00:14:16

Health: -14/44     AC:  4    Str: 12    XL:     6   Next: 78%
Magic:  9/9        EV: 13    Int: 14    God:    Gozag
Gold:   256        SH:  0    Dex: 13    Spells: 2/9 levels left

rFire    + . .     SeeInvis .   a - +1 spear
rCold    . . .     Gourm    .   (no shield)
rNeg     . . .     Faith    .   b - +1 leather armour
rPois    .         Spirit   .   (no helmet)
rElec    .         Reflect  .   (no cloak)
rCorr    .         Harm     .   (no gloves)
MR       .....     Clarity  +   (no boots)
Stlth    ++........             e - amulet of magic regeneration
HPRegen  0.14/turn              l - ring of stealth
MPRegen  0.36/turn              (no ring)

@: very slightly contaminated
A: change form in water, swift swim, stealthy swim, clarity, fire resistance 1
a: Potion Petition, Call Merchant, Bribe Branch, Renounce Religion


You were on level 4 of the Dungeon.
You worshipped Gozag.
Gozag was aware of your devotion.
You were not hungry.

You visited 1 branch of the dungeon, and saw 4 of its levels.

You collected 256 gold pieces.

Inventory:

Hand Weapons
 a - a +1 spear (weapon)
 p - a -2 short sword
Missiles
 o - 6 tomahawks (quivered)
Armour
 b - a +1 leather armour (worn)
 g - a +0 ring mail
 k - a +0 ring mail of magic resistance
 t - a +0 chain mail
Jewellery
 e - an amulet of magic regeneration (around neck)
 l - a ring of stealth (left hand)
 m - an uncursed amulet of the acrobat
 n - an uncursed amulet of guardian spirit
Scrolls
 c - a scroll of remove curse
 h - a scroll of enchant weapon
 i - 3 scrolls of teleportation
 q - a scroll of enchant armour
 r - a scroll of identify
Potions
 f - a potion of curing
Comestibles
 d - 6 rations


   Skills:
 - Level 2.1 Fighting
 - Level 4.8 Polearms
 - Level 0.6 Armour
 - Level 4.4 Dodging
 - Level 2.0 Spellcasting
 * Level 6.9 Charms


You had 2 spell levels left.
You knew the following spells:

 Your Spells              Type           Power        Failure   Level  Hunger
a - Infusion              Chrm           ###.         1%          1    ##.....
b - Spectral Weapon       Hex/Chrm       ##......     22%         3    ####...
c - Regeneration          Chrm/Necr      ##........   22%         3    ####...

Your spell library contained the following spells:

 Spells                   Type           Power        Failure   Level  Hunger
 Confuse                  Hex            #.......     65%         3    ####...
 Confusing Touch          Hex            #.....       30%         1    ##.....
 Metabolic Englaciation   Hex/Ice        #.........   100%        5    ######.
 Petrify                  Tmut/Erth      #.......     96%         4    #####..
 Shroud of Golubria       Chrm/Tloc      ##........   11%         2    ###....
 Song of Slaying          Chrm           ###.....     2%          2    ###....
 Gell's Gravitas          Tloc           #.........   65%         3    ####...
 Yara's Violent Unravell  Hex/Tmut       #.........   100%        5    ######.


Dungeon Overview and Level Annotations

Branches:
Dungeon (4/15)
 Temple: D:4-7

Altars:
Elyvilon
Gozag
Qazlal
Yredelemnul

Shops:
D:4 :


Innate Abilities, Weirdness & Mutations

You revert to your normal form in water.
You are very nimble and swift while swimming.
You are very stealthy in the water. (Stealth+)
You possess an exceptional clarity of mind.
Your flesh is heat resistant. (rF+)


Message History

Your spectral weapon hits the ogre.
The ogre hits your spectral weapon with a giant club!!
Your spectral weapon shares its damage with you!
Your spectral weapon fades away.
* * * LOW HITPOINT WARNING * * *
A leopard gecko comes into view.
Okay, then.
There is an escape hatch in the floor here.
You feel better.
You miss the jackal.
The jackal barks! x2; You hear an angry hiss.
The jackal barely misses you.
The jackal barks!
You hit the jackal.
The jackal is severely wounded.
You hear an angry hiss.
The ogre hits you with a giant club!!
Ouch! That really hurt!
You die...
Your body crumbles into a pile of gold.

#....##.##.... #.#.... #....
#....# #.#.# ####.#.#####.#.#
#....>.......#.##
#.##.#.#####....#
#.##.#..........#
#O##............## ### ###
#@####............
...#####.#######h####..........##
...#E#..................l...##.#
...###.......###.#h##.l#.##....#
..........#..###.#.....#.####..#
._.......##..##...(.aa.#.####..#
.......####..##..#..h..#.....<.#
...###.####.O##..#..(.######.(l#
...#E#................### #...#


You could see an ogre, a worker ant and 3 jackals.

Vanquished Creatures
  A scorpion (D:4)
  A crimson imp (D:3)
  2 hounds (D:4)
  2 bullfrog skeletons (D:4)
  Jessica (D:3)
  7 adders
  2 oozes
  An adder skeleton (D:4)
  5 worms
  A dart slug (D:3)
  5 orcs
  5 giant cockroaches
  5 goblins
  6 hobgoblins
  3 jackals
  3 quokkas
  6 bats
  6 frilled lizards
  10 kobolds
  12 rats
84 creatures vanquished.

Vanquished Creatures (others)
  3 spectral weapons (D:4)
3 creatures vanquished.

Grand Total: 87 creatures vanquished

Notes
Turn   | Place    | Note
-------+----------+-------------------------------------------
     0 | D:1      | Htamos the Merfolk Skald began the quest for the Orb.
     0 | D:1      | Reached XP level 1. HP: 16/16 MP: 3/3
   697 | D:1      | Reached XP level 2. HP: 22/22 MP: 5/5
  1289 | D:2      | Reached skill level 4 in Charms
  1289 | D:2      | Reached XP level 3. HP: 19/27 MP: 6/6
  1411 | D:2      | Learned a level 3 spell: Spectral Weapon
  1429 | D:2      | Found a white marble altar of Elyvilon.
  2139 | D:2      | Reached XP level 4. HP: 25/33 MP: 7/7
  2684 | D:3      | Found a faded altar of an unknown god.
  2686 | D:3      | Noticed Jessica
  2700 | D:3      | Gained mutation: You possess an exceptional clarity of mind. [potion of mutation]
  2700 | D:3      | Gained mutation: Your flesh is heat resistant. (rF+) [potion of mutation]
  2703 | D:3      | Killed Jessica
  2703 | D:3      | Reached XP level 5. HP: 21/38 MP: 8/8
  3097 | D:3      | Reached skill level 5 in Charms
  4384 | D:4      | Noticed an ogre
  4446 | D:3      | Became a worshipper of Gozag Ym Sagoz the Greedy
  4698 | D:4      | Reached skill level 6 in Charms
  4698 | D:4      | Reached XP level 6. HP: 44/44 MP: 9/9
  4761 | D:4      | Found a basalt altar of Yredelemnul.
  4771 | D:4      | Noticed a water elemental
  4773 | D:4      | Found a stormy altar of Qazlal.
  4774 | D:4      | Noticed an air elemental
  4774 | D:4      | Noticed a fire elemental
  5244 | D:4      | Found Xiutokhli's Book Emporium.
  5251 | D:4      | Learned a level 3 spell: Regeneration
  5359 | D:4      | HP: 1/44 [ogre/giant club (7)]
  5383 | D:4      | Demolished by an ogre

Vault maps used:
D:1:      minmay_arrival_stair_chambers
D:2:      first_ration, st_stairs_2, elyvilon_altar_5
D:3:      chequers_ecumenical_altar_simple, uniq_jessica
D:4:      lemuel_crystal_altar, nicolae_qazlal_style_of_elements, serial_shops,
          nicolae_shop_behind_doors

Skill      XL: |  1  2  3  4  5 |
---------------+----------------+-----
Dodging        | 3 4 |  4.4
Charms         | 4 6 |  6.9
Polearms       | 4 |  4.8
Fighting       | |  2.1
Armour         | |  0.6
Spellcasting   | |  2.0

Action                   |  1- 3 |  4- 6 || total
-------------------------+-------+-------++-------
Melee: Spear             |   160 |   596 ||   756
 Cast: Infusion          |     2 |       ||     2
       Spectral Weapon   |       |     3 ||     3
  Use: Scroll            |     5 |     7 ||    12
       Potion            |       |     5 ||     5
 Stab: Sleeping          |     2 |       ||     2
       Distracted        |       |     2 ||     2
  Eat: Chunk             |     4 |     9 ||    13
       Ration            |       |     1 ||     1
Armor: Leather armour    |     7 |       ||     7
       Ring mail         |    27 |    25 ||    52
       Chain mail        |       |   237 ||   237
Dodge: Dodged            |    62 |   146 ||   208

Table legend:
 A = Spawn XP
 B = Non-spawn XP
 C = Spawn XP percentage of total XP
 D = Spawn monster count
 E = Non-spawn monster count
 F = Spawn count percentage of total count
 G = Total turns spent on level
                    A         B        C        D         E        F      G
               +---------+---------+-------+---------+---------+-------+---------
         Total |       0 |     554 |   0.0 |       0 |      84 |   0.0 |  5383
               +---------+---------+-------+---------+---------+-------+---------
           D:1 |       0 |      19 |   0.0 |       0 |      14 |   0.0 |  1257
           D:2 |       0 |      73 |   0.0 |       0 |      24 |   0.0 |  1102
           D:3 |       0 |     179 |   0.0 |       0 |      32 |   0.0 |  2322
           D:4 |       0 |     283 |   0.0 |       0 |      14 |   0.0 |   702
               +---------+---------+-------+---------+---------+-------+---------
